 Dungeon Crawl Stone Soup version 0.31.0-11-ge490571c62 (webtiles) character file.

Game seed: 6136953414005969286

9004 magipi the Arsonist (level 11, -6/60 HPs)
             Began as a Deep Elf Fire Elementalist on Feb 4, 2024.
             Was a Believer of Vehumet.
             Mangled by a gnoll sergeant
             ... wielding a +0 spear
              (11 damage)
             ... on level 10 of the Dungeon.
             The game lasted 00:31:12 (11761 turns).

magipi the Arsonist (Deep Elf Fire Elementalist)   Turns: 11761, Time: 00:31:13

Health: -6/60      AC: 12    Str:  5    XL:     11   Next: 17%
Magic:  16/17      EV: 14    Int: 25    God:    Vehumet [**....]
Gold:   494        SH:  0    Dex: 15    Spells: 6/16 levels left

rFire   . . .        a - +1 falchion (elec)
rCold   . . .        (no shield)
rNeg    . . .        E - +0 steam dragon scales
rPois   .            M - +0 helmet
rElec   .            h - +0 cloak
rCorr   .            A - +0 pair of gloves
SInv    +            (no boots)
Will    +....        r - amulet of magic regeneration
Stlth   +            i - ring of see invisible
HPRegen 0.30/turn    v - +4 ring of protection
MPRegen 0.55/turn

%: no passive effects
@: silenced
A: no striking features
a: Renounce Religion


You were on level 10 of the Dungeon.
You worshipped Vehumet.
Vehumet was pleased with you.
You visited 2 branches of the dungeon, and saw 11 of its levels.

You collected 494 gold pieces.

Inventory:

Hand Weapons
 a - a +1 falchion of electrocution (weapon)
 y - a +1 heavy trident
 G - a +3 dagger of venom
Missiles
 e - 9 boomerangs
 C - 5 curare-tipped darts
Armour
 h - a +0 cloak (worn)
 p - the -1 pair of gloves of Creativity {rElec rPois Regen+ MP-9}
   (You found it on level 5 of the Dungeon)

   rElec:     It insulates you from electricity.
   rPois:     It protects you from poison MP-9: It affects your magic capacity
   (-9).
   Regen+:    It increases your rate of health regeneration.
 u - a +2 robe of positive energy
 z - a +0 scale mail of fire resistance
 A - a +0 pair of gloves (worn)
 E - +0 steam dragon scales (worn)
 M - a +0 helmet (worn)
Jewellery
 i - a ring of see invisible (left hand)
 r - an amulet of magic regeneration (around neck)
 s - a ring of ice
 v - a +4 ring of protection (right hand)
 B - a ring of ice
Wands
 c - a wand of flame (24)
 w - a wand of iceblast (13)
 F - a wand of paralysis (5)
 N - a wand of mindburst (5)
Scrolls
 j - 4 scrolls of teleportation
 k - a scroll of vulnerability
 l - 2 scrolls of fog
 o - 2 scrolls of butterflies
 q - 2 scrolls of poison
 I - a scroll of enchant weapon
Potions
 b - a potion of magic
 d - a potion of degeneration
 f - 2 potions of heal wounds
 g - a potion of might
 m - 2 potions of brilliance
 n - 2 potions of curing
 t - a potion of invisibility {unknown}
 x - 2 potions of mutation
 H - 3 potions of enlightenment {unknown}
 J - 2 potions of haste
 K - a potion of berserk rage {unknown}
 L - a potion of attraction


   Skills:
 + Level 3.0 Fighting
 + Level 5.2 Dodging
 - Level 2.4 Stealth
 - Level 3.0 Spellcasting
 - Level 12.0 Conjurations
 - Level 12.0 Fire Magic
 - Level 6.0 Earth Magic
 + Level 3.9 Evocations


You had 6 spell levels left.
You knew the following spells:

 Your Spells              Type           Power      Damage    Failure   Level
a - Foxfire               Conj/Fire      100%       2x1d9     1%          1
b - Scorch                Fire           100%       2d9       1%          2
s - Stone Arrow           Conj/Erth      96%        3d13      1%          3
F - Flame Wave            Conj/Fire      59%        2d14      1%          4

Your spell library contained the following spells:

 Spells                   Type           Power      Damage    Failure   Level
 Searing Ray              Conj           100%       2d8       1%          2
 Shock                    Conj/Air       100%       1d9       1%          1
 Static Discharge         Conj/Air       66%        3-6/arc   1%          2
 Inner Flame              Hex/Fire       33%        N/A       2%          3
 Volatile Blastmotes      Fire/Tloc      66%        2d15      2%          3
 Mephitic Cloud           Conj/Alch/Air  23%        N/A       6%          3
 Apportation              Tloc           6%         N/A       10%         1
 Jinxbite                 Hex            6%         N/A       16%         2
 Lesser Beckoning         Tloc           6%         N/A       16%         2
 Mercury Vapours          Alch/Air       6%         N/A       16%         2
 Animate Armour           Summ/Erth      36%        N/A       28%         4
 Gell's Gravitas          Tloc           3%         N/A       30%         3
 Swiftness                Air            3%         N/A       30%         3
 Teleport Other           Tloc           3%         N/A       30%         3
 Freezing Cloud           Conj/Ice/Air   11%        6-21      47%         5
 Airstrike                Air            1%         2d(1-17)  69%         4
 Summon Lightning Spire   Summ/Air       3%         N/A       69%         4
 Alistair's Intoxication  Alch           2%         N/A       95%         5
 Lehudib's Crystal Spear  Conj/Erth      24%        10d7      100%        8


Dungeon Overview and Level Annotations

Branches:
Dungeon (10/15)            Temple (1/1) D:7             Orc (0/2) D:9
   Lair: D:8-11

Altars:
Ashenzari
Cheibriados
Dithmenos
Elyvilon
Fedhas
Gozag
Hepliaklqana
Kikubaaqudgha
Makhleb
Nemelex Xobeh
Okawaru
Qazlal
Ru
Sif Muna
Trog
Uskayaw
Vehumet
Wu Jian
Xom
Yredelemnul
Zin
The Shining One

Annotations:
D:6 1 runed translucent door, 1 exclusion, Menkaure; jt's ghost, novice GrEn
D:8 exclusions: 2 doors and 1 more exclusion


Message History

The flame wave engulfs the gnoll sergeant.
The gnoll sergeant is heavily wounded.
The flame wave engulfs the boulder beetle!
The boulder beetle is lightly wounded.
The gnoll sergeant closely misses you. The boulder beetle hits you!!
* * * LOW HITPOINT WARNING * * *
The boulder beetle stops rolling and uncurls.
The two-headed ogre hits you with a +0 giant spiked club!
* * * LOW HITPOINT WARNING * * *
The two-headed ogre misses you.
Unknown command.
Unknown command.
Unknown command.
Unknown command.
Okay, then.
Unknown command.
Unknown command.
As you read the scroll labelled KED APUCZU, it crumbles to dust.
A profound silence engulfs you.
It was a scroll of silence.
A black bear comes into view.
The gnoll sergeant closely misses you. The boulder beetle closely misses you.
The two-headed ogre attacks as it pursues you!
The two-headed ogre closely misses you. The two-headed ogre barely misses you.
The gnoll sergeant attacks as it pursues you!
The gnoll sergeant hits you but does no damage.
Things that are here:
a +0 whip; a gnoll corpse The gnoll sergeant attacks as it pursues you!
The gnoll sergeant hits you but does no damage.
The boulder beetle leaps!
The gnoll sergeant attacks as it pursues you!
The gnoll sergeant barely misses you.
A wyvern comes into view.
The gnoll sergeant hits you but does no damage.
The boulder beetle leaps!
The gnoll sergeant attacks as it pursues you!
The gnoll sergeant closely misses you.
The gnoll sergeant attacks as it pursues you!
The gnoll sergeant hits you from afar with a +0 spear!
You die...

####......#.## #............#
..........#..###...[..#######
......†...##..##.....)#
....#+#)#.###.##......# ....
#<†.# #.##......# ... #÷###
#...#####.# ). #.# ###.# #.#
#+# #.# #.# #@#####'#######
#.Og....B.[...#
#.............#
#..k...)))....#
##............#
#....h.......# #............#
#............# #............#


You could see a boulder beetle, a two-headed ogre, a black bear, a wyvern and a
gnoll sergeant.

Vanquished Creatures
  A kobold demonologist (D:10)
  3 unseen horror zombies (D:9)
  A troll (D:9)
  Grinder (D:6)
  A shadow (D:9)
  12 yaks
  A wyvern (D:8)
  2 steam dragons
  An acid dragon (D:9)
  A water moccasin (D:7)
  6 orc warriors
  4 black bears
  2 ogres
  2 centaurs (D:8)
  3 phantoms
  3 kobold brigands
  A gnoll sergeant (D:9)
  3 bullfrogs
  6 scorpions
  A wyvern zombie (D:7)
  A necrophage (D:7)
  20 wights
  7 howler monkeys
  2 centaur zombies (D:9)
  2 bullfrog zombies (D:7)
  5 hounds
  A human zombie (D:7)
  A bombardier beetle (D:6)
  A jelly (D:4)
  8 orc priests
  A gnoll bouda (D:7)
  9 orc wizards
  2 iguanas
  A mummy (D:7)
  3 howler monkey zombies
  6 adders
  14 gnolls
  4 shadow imps
  A ribbon worm (D:2)
  4 dart slugs
  37 orcs
  5 bats
  7 endoplasms
  3 giant cockroaches
  10 goblins
  6 hobgoblins
  3 jackals (D:1)
  2 quokkas
  4 ball pythons
  3 frilled lizards
  21 kobolds
  6 rats
  A butterfly (D:1)
256 creatures vanquished.

Vanquished Creatures (others)
  69 foxfires
69 creatures vanquished.

Grand Total: 325 creatures vanquished

Notes
Turn   | Place    | Note
-------+----------+-------------------------------------------
     0 | D:1      | magipi the Deep Elf Fire Elementalist began the quest for
                  | the Orb.
     0 | D:1      | Reached XP level 1. HP: 10/10 MP: 6/6
   237 | D:1      | Reached XP level 2. HP: 9/15 MP: 8/8
   266 | D:1      | Learned a level 2 spell: Scorch
  1027 | D:2      | Reached XP level 3. HP: 19/19 MP: 2/9
  2382 | D:3      | Reached XP level 4. HP: 24/24 MP: 7/10
  3070 | D:4      | Noticed an ogre
  3076 | D:4      | Killed an ogre
  3077 | D:4      | Reached skill level 5 in Fire Magic
  3077 | D:4      | Reached XP level 5. HP: 8/28 MP: 0/11
  3360 | D:4      | Reached XP level 6. HP: 32/32 MP: 5/12
  3426 | D:4      | Reached skill level 5 in Conjurations
  3864 | D:4      | Found a shadowy altar of Dithmenos.
  3865 | D:4      | Found a sacrificial altar of Ru.
  4179 | D:4      | Learned a level 4 spell: Flame Wave
  4378 | D:4      | Reached XP level 7. HP: 30/36 MP: 0/13
  4746 | D:5      | Entered Level 5 of the Dungeon
  4758 | D:5      | Found a shimmering altar of Xom.
  4875 | D:5      | Identified the -1 pair of gloves of Creativity {rElec rPois
                  | Regen+ MP-9}
  5376 | D:5      | Reached XP level 8. HP: 41/41 MP: 9/14
  5800 | D:6      | Found a glowing silver altar of Zin.
  5899 | D:6      | Found a runed translucent door.
  5903 | D:6      | Noticed jt's ghost (novice GrEn)
  6183 | D:6      | Noticed Grinder
  6193 | D:6      | Killed Grinder
  6336 | D:6      | Reached XP level 9. HP: 42/45 MP: 5/15
  6419 | D:6      | Found a bloodstained altar of Trog.
  6592 | D:6      | Noticed a moth of wrath
  6593 | D:6      | Noticed Menkaure
  6746 | D:7      | Reached skill level 10 in Fire Magic
  7004 | D:7      | Found an ancient bone altar of Kikubaaqudgha.
  7022 | D:7      | Reached skill level 10 in Conjurations
  7540 | D:7      | Found a staircase to the Ecumenical Temple.
  7545 | Temple   | Entered the Ecumenical Temple
  7553 | Temple   | Became a worshipper of Vehumet
  7729 | D:7      | Found a basalt altar of Yredelemnul.
  8600 | D:8      | Reached XP level 10. HP: 50/50 MP: 9/16
  8616 | D:8      | Reached * piety under Vehumet
  8616 | D:8      | Offered knowledge of Sandblast by Vehumet.
  8848 | D:8      | Learned a level 3 spell: Stone Arrow
  9221 | D:8      | Noticed a cyclops
  9426 | D:9      | Reached skill level 1 in Earth Magic
  9729 | D:9      | Reached skill level 5 in Earth Magic
  9777 | D:9      | Paralysed by a gnoll sergeant for 4 turns
 10283 | D:9      | Reached skill level 1 in Evocations
 10369 | D:9      | Reached skill level 1 in Fighting
 10369 | D:9      | Reached ** piety under Vehumet
 10544 | D:9      | Offered knowledge of Momentum Strike by Vehumet.
 10546 | D:9      | Found a staircase to the Orcish Mines.
 10941 | D:9      | Found a hide-covered altar of Uskayaw.
 11353 | D:10     | Entered Level 10 of the Dungeon
 11359 | D:10     | Reached XP level 11. HP: 22/57 MP: 5/17
 11488 | D:10     | Noticed a sun demon
 11608 | D:10     | Reached skill level 5 in Dodging
 11611 | D:10     | Offered knowledge of Searing Ray by Vehumet.
 11745 | D:10     | Noticed a two-headed ogre
 11747 | D:10     | Noticed a boulder beetle
 11753 | D:10     | HP: 3/60 [two-headed ogre/+0 giant spiked club (9)]
 11761 | D:10     | Mangled by a gnoll sergeant

Illustrated notes

Levels and vault maps discovered:
D:1:      spicycebolla_arrival_clurvy, layout_loops_ring, minmay_heptomino_w4
D:2:      layout_loops_ring
D:3:      layout_basic
D:4:      wad_river_or_something, layout_gridville, grunt_temple_overflow_open
D:5:      layout_basic, kennysheep_little_box
D:6:      layout_rooms, tgw_trog, ebering_ghost_sewer_d,
          hangedman_feature_mirror, uniq_grinder, uniq_menkaure
D:7:      layout_rooms, lemuel_mausoleum_altar_yredelemnul,
          mainiacjoe_overflow_boulevard, minmay_temple_entry_nine_rooms
D:8:      layout_cave_pools, corexii_corridor_pit,
          hellmonk_guarded_unrand_dark_maul
D:9:      layout_basic, nicolae_uskayaw_suspiria,
          kennysheep_orc_monster_closet_entryway, serial_undead,
          serial_undead_d, serial_undead_e, serial_undead_d, serial_undead_c,
          serial_undead_a, serial_undead_e, serial_undead_d, serial_undead_d,
          serial_undead_f, serial_undead_b, enter_bailey_3
D:10:     layout_basic, david_lair_generic
Temple:   hellmonk_temple_two_chambers

Skill      XL: |  1  2  3  4  5  6  7  8  9 10 11 |
---------------+----------------------------------+-----
Conjurations   | 2 3 4 5 7 9 11 12 | 12.0
Fire Magic     | 4 5 6 8 9 11 12 | 12.0
Earth Magic    | 6 |  6.0
Evocations     | 3 |  3.9
Fighting       | 2 3 |  3.0
Dodging        | 4 5 |  5.2
Stealth        | |  2.4
Spellcasting   | |  3.0

Action                     |  1- 3 |  4- 6 |  7- 9 | 10-12 || total
---------------------------+-------+-------+-------+-------++-------
  Melee: Dagger            |    10 |     8 |       |       ||    18
         Short sword       |       |     7 |     4 |     3 ||    14
         Falchion          |       |       |       |    18 ||    18
   Cast: Foxfire           |    36 |     7 |     2 |     2 ||    47
         Scorch            |    22 |    61 |   145 |    89 ||   317
         Flame Wave        |       |       |    11 |    21 ||    32
  Evoke: Wand              |       |       |     3 |       ||     3
    Use: Scroll            |       |     6 |     6 |     3 ||    15
         Potion            |       |       |     2 |       ||     2
   Stab: Sleeping          |     3 |     1 |       |       ||     4
 Armour: Robe              |    21 |    19 |    43 |       ||    83
         Steam dragon scal |       |       |    34 |   133 ||   167
  Dodge: Dodged            |    32 |    33 |    57 |   105 ||   227
